[Event "45th FIDE Olympiad 2024"]
[Site "Budapest"]
[Date "2024.09.13"]
[Round "3.104"]
[White "Gretarsson, Helgi Ass"]
[Black "Mendez Ramirez, Victor"]
[Result "1-0"]
[ECO "A30"]
[WhiteElo "2450"]
[BlackElo "2191"]
[Annotator "RC"]
[PlyCount "71"]
[EventDate "2024.09.05"]
[EventType "team-tourn"]
[EventCountry "HUN"]
[SourceTitle "playchess.com"]
[Source "ChessBase"]
[SourceQuality "1"]
[WhiteTeam "Iceland"]
[BlackTeam "Dominican Republic"]
[WhiteTeamCountry "ISL"]
[BlackTeamCountry "DOM"]
[TimeControl "40/5400+30:1800+30"]

1. Nf3 Nf6 2. c4 b6 3. g3 Bb7 4. Bg2 c5 5. O-O e6 6. Nc3 Be7 7. Re1 Ne4 8. Qc2 Nxc3 9. dxc3 Qc7 10. e4 d6 11. Be3 Nd7 12. Nd2 h5 13. a4 h4 14. a5 Ne5 15. a6 Bc6 16. Qd1 hxg3 17. hxg3 O-O-O 18. f4 Nd7 19. Bf2 g5 20. f5 Ne5 21. Qe2 g4 22. Be3 Rdg8 23. Bf4 Bg5 24. Bxe5 dxe5 25. Nf1 Qe7 26. Ne3 Bf4 27. Nf1 Qg5 28. Rad1 Kc7 29. b4 cxb4 30. cxb4 Rh6 31. gxf4 exf4 32. Qd2 exf5 33. b5 Ba8 34. Qd7+ Kb8 35. exf5 f3 36. Re8+ 1-0

[Event "45th FIDE Olympiad 2024"]
[Site "Budapest"]
[Date "2024.09.13"]
[Round "3.105"]
[White "Henriquez Villagra, Cristobal"]
[Black "Johnson, Joshua"]
[Result "1-0"]
[ECO "A07"]
[WhiteElo "2604"]
[BlackElo "2267"]
[Annotator "ChessBase"]
[PlyCount "60"]
[EventDate "2024.09.05"]
[EventType "team-tourn"]
[EventCountry "HUN"]
[SourceTitle "playchess.com"]
[Source "ChessBase"]
[SourceQuality "1"]
[WhiteTeam "Chile"]
[BlackTeam "Trinidad & Tobago"]
[WhiteTeamCountry "CHI"]
[TimeControl "40/5400+30:1800+30"]

1. Nf3 d5 2. g3 Bg4 3. Bg2 c6 4. O-O Nf6 5. h3 Bh5 6. d4 e6 7. c4 Be7 8. Nc3 h6 9. Ne5 Nfd7 10. Nd3 Bg6 11. Nf4 Bh7 12. cxd5 cxd5 13. e4 dxe4 14. d5 exd5 15. Nfxd5 O-O 16. Bf4 Nc6 17. Nxe7+ Nxe7 18. Nxe4 Ng6 19. Be3 b6 20. Bxh6 Nge5 21. Bg5 f6 22. Bf4 Rc8 23. Nd6 Rc2 24. Qd5+ Kh8 25. Rad1 Qc7 26. b4 Bg8 27. Qe4 Bh7 28. Qd4 Nc6 29. Qd5 Nde5 30. a3 Rc3 1-0

[Event "45th FIDE Olympiad 2024"]
[Site "Budapest"]
[Date "2024.09.13"]
[Round "3.106"]
[White "Cabralis, Quinn"]
[Black "Vasquez Schroeder, Rodrigo"]
[Result "0-1"]
[ECO "B12"]
[WhiteElo "2169"]
[BlackElo "2457"]
[Annotator "RC"]
[PlyCount "100"]
[EventDate "2024.09.05"]
[EventType "team-tourn"]
[EventCountry "HUN"]
[SourceTitle "playchess.com"]
[Source "ChessBase"]
[SourceQuality "1"]
[WhiteTeam "Trinidad & Tobago"]
[BlackTeam "Chile"]
[BlackTeamCountry "CHI"]
[TimeControl "40/5400+30:1800+30"]

1. e4 c6 2. d4 d5 3. e5 Bf5 4. h4 Qb6 5. a4 a5 6. h5 h6 7. g4 Bd7 8. c3 e6 9. Na3 c5 10. Nf3 cxd4 11. Nxd4 Nc6 12. Nab5 Bc5 13. Be3 Nxe5 14. b4 axb4 15. a5 Qd8 16. Nxe6 fxe6 17. Bxc5 Bxb5 18. Bxb5+ Kf7 19. cxb4 Nf6 20. Qe2 Qc7 21. Bd4 Nexg4 22. Qf3 Qd6 23. Rb1 e5 24. Bc5 Qe6 25. Rg1 g6 26. hxg6+ Kg7 27. Qh3 Qf5 28. Rb3 b6 29. Bxb6 Rhc8 30. Kf1 d4 31. Rf3 Qxf3 32. Qxf3 Nh2+ 33. Kg2 Nxf3 34. Kxf3 Rc3+ 35. Ke2 Nd5 36. Ra1 Nxb4 37. Rb1 Nd5 38. Bd7 Rb8 39. Rb5 Nxb6 40. axb6 Rb7 41. Bf5 Rc6 42. Rxe5 Rcxb6 43. Be4 Rd7 44. Bd3 Rb3 45. f4 Ra7 46. f5 Ra2+ 47. Kf1 Rxd3 48. Re7+ Kf6 49. Rf7+ Kg5 50. Ke1 Rh3 0-1

[Event "45th FIDE Olympiad 2024"]
[Site "Budapest"]
[Date "2024.09.13"]
[Round "3.107"]
[White "Lopez Silva, Hugo"]
[Black "Cupid, Kevin"]
[Result "1-0"]
[ECO "B14"]
[WhiteElo "2379"]
[BlackElo "2201"]
[Annotator "ChessBase"]
[PlyCount "87"]
[EventDate "2024.09.05"]
[EventType "team-tourn"]
[EventCountry "HUN"]
[SourceTitle "playchess.com"]
[Source "ChessBase"]
[SourceQuality "1"]
[WhiteTeam "Chile"]
[BlackTeam "Trinidad & Tobago"]
[WhiteTeamCountry "CHI"]
[TimeControl "40/5400+30:1800+30"]

1. e4 c6 2. d4 d5 3. exd5 cxd5 4. c4 Nf6 5. Nc3 g6 6. Qb3 Bg7 7. cxd5 O-O 8. Be2 Nbd7 9. Bf3 Nb6 10. Nge2 Bg4 11. Bxg4 Nxg4 12. a4 Nf6 13. Nf4 g5 14. Nfe2 h6 15. h4 g4 16. Nf4 a5 17. O-O Rc8 18. Bd2 Nc4 19. Rad1 Qd6 20. Bc1 Qb4 21. Qa2 Nd6 22. Rfe1 Nf5 23. Nb5 g3 24. f3 Nxd4 25. Bd2 Qb3 26. Qxb3 Nxb3 27. Bc3 Rc4 28. Ne2 Rd8 29. d6 exd6 30. Nxd6 Rc7 31. Nf5 Rxd1 32. Rxd1 Nh5 33. Nxg7 Nxg7 34. Rd8+ Kh7 35. Nxg3 Ne6 36. Rh8+ Kg6 37. Rg8+ Kh7 38. Rh8+ Kg6 39. h5+ Kg5 40. Rg8+ Kf4 41. Kf2 Ng5 42. Re8 Ne6 43. Ne2+ Kg5 44. Rg8+ 1-0

[Event "45th FIDE Olympiad 2024"]
[Site "Budapest"]
[Date "2024.09.13"]
[Round "3.107"]
[White "Amewounou, Komlan Kouessan"]
[Black "Abdou, Mohamed"]
[Result "1-0"]
[ECO "B11"]
[WhiteElo "1825"]
[BlackElo "1782"]
[Annotator "NA"]
[PlyCount "141"]
[EventDate "2024.09.05"]
[EventType "team-tourn"]
[EventCountry "HUN"]
[SourceTitle "playchess.com"]
[Source "ChessBase"]
[SourceQuality "1"]
[WhiteTeam "Togo"]
[BlackTeam "Comoros Islands"]
[WhiteTeamCountry "TOG"]
[TimeControl "40/5400+30:1800+30"]

1. e4 c6 2. Nc3 d5 3. Nf3 dxe4 4. Nxe4 Nf6 5. Qe2 Nxe4 6. Qxe4 Nd7 7. Bc4 Nf6 8. Qe2 Bf5 9. d4 e6 10. h3 h6 11. c3 Bd6 12. g4 Bg6 13. Ne5 Bxe5 14. Qxe5 O-O 15. g5 Nd7 16. Qg3 h5 17. f4 Nb6 18. Bd3 Nd5 19. Bd2 Ne7 20. Bxg6 fxg6 21. O-O-O Nf5 22. Qd3 Qd5 23. Kb1 b5 24. Rhe1 Kh7 25. Re5 Qd6 26. Rde1 Rfe8 27. Qf3 Kg8 28. R1e2 a5 29. Be1 Rab8 30. Qe4 Kf7 31. Bf2 a4 32. Rd2 Qd7 33. Qc2 Nd6 34. Rde2 Nc4 35. Rc5 Rbc8 36. a3 Qc7 37. Qe4 Qd6 38. Qf3 Kg8 39. h4 Kf7 40. Bg3 Qd7 41. Qd3 Rcd8 42. Rf2 Qd6 43. f5 Qxc5 44. fxe6+ Kg8 45. Qxg6 Nd2+ 46. Kc2 Qd5 47. Qf7+ Kh8 48. Qxh5+ Kg8 49. Qf7+ Kh8 50. Be5 Qe4+ 51. Kd1 Qh7 52. e7 Ne4 53. Rf4 Nxc3+ 54. bxc3 Qd3+ 55. Ke1 Qxc3+ 56. Kf1 Qd3+ 57. Kg2 Qe2+ 58. Kg3 Qe1+ 59. Kh2 Qd2+ 60. Rf2 Rxe7 61. Qh5+ Kg8 62. Rxd2 Rxe5 63. Rf2 Rxd4 64. Qf7+ Kh7 65. g6+ Kh6 66. Qg8 Rxh4+ 67. Kg3 Rhe4 68. Rh2+ Kg5 69. Rg2 Kxg6 70. Kf3+ Kf5 71. Qf7# 1-0

[Event "45th FIDE Olympiad 2024"]
[Site "Budapest"]
[Date "2024.09.13"]
[Round "3.108"]
[White "McIntosh, Isaiah"]
[Black "Marrujo Pardo, Mauricio Emmanuel"]
[Result "0-1"]
[ECO "E05"]
[WhiteElo "2249"]
[BlackElo "2332"]
[Annotator "RC"]
[PlyCount "88"]
[EventDate "2024.09.05"]
[EventType "team-tourn"]
[EventCountry "HUN"]
[SourceTitle "playchess.com"]
[Source "ChessBase"]
[SourceQuality "1"]
[WhiteTeam "Trinidad & Tobago"]
[BlackTeam "Chile"]
[BlackTeamCountry "CHI"]
[TimeControl "40/5400+30:1800+30"]

1. d4 Nf6 2. c4 e6 3. Nf3 d5 4. g3 Be7 5. Bg2 O-O 6. O-O dxc4 7. Qc2 b5 8. a4 b4 9. Nfd2 c6 10. Nxc4 Qxd4 11. Be3 Qd8 12. Nbd2 Nd5 13. Nb3 Ba6 14. Rfd1 Qc7 15. Bc5 Nd7 16. Bxe7 Nxe7 17. Rac1 Rfd8 18. Nd6 Ne5 19. Nb5 Qb6 20. N5d4 Nc4 21. e3 Rac8 22. Bf1 c5 23. Nf3 Rxd1 24. Rxd1 Na5 25. Bxa6 Qxa6 26. Qxc5 Nd5 27. Qxa5 Qe2 28. Re1 Qxf3 29. Nd4 Qe4 30. Qxa7 h5 31. Qa6 Rc7 32. Qe2 e5 33. Qf3 Nf6 34. Qxe4 Nxe4 35. Nb5 Rc2 36. f4 Rxb2 37. fxe5 b3 38. Nd4 Nc5 39. Rc1 Nxa4 40. Nxb3 Rxb3 41. Rc4 Nc3 42. Kf2 Nd1+ 43. Ke2 Nxe3 44. Re4 Nf5 0-1

[Event "45th FIDE Olympiad 2024"]
[Site "Budapest"]
[Date "2024.09.13"]
[Round "3.109"]
[White "El Jawich, Amro"]
[Black "Fawzy, Adham"]
[Result "0-1"]
[ECO "B30"]
[WhiteElo "2296"]
[BlackElo "2507"]
[Annotator "RC"]
[PlyCount "80"]
[EventDate "2024.09.05"]
[EventType "team-tourn"]
[EventCountry "HUN"]
[SourceTitle "playchess.com"]
[Source "ChessBase"]
[SourceQuality "1"]
[WhiteTeam "Lebanon"]
[BlackTeam "Egypt"]
[WhiteTeamCountry "LBN"]
[BlackTeamCountry "EGY"]
[TimeControl "40/5400+30:1800+30"]

1. e4 c5 2. Nf3 Nc6 3. Bc4 e6 4. O-O Nf6 5. Re1 Nxe4 6. Rxe4 d5 7. Bxd5 Qxd5 8. Nc3 Qd7 9. d4 cxd4 10. Nxd4 Be7 11. Bf4 O-O 12. Nb3 Qxd1+ 13. Rxd1 Rd8 14. Ree1 Rxd1 15. Rxd1 e5 16. Nd5 Bf8 17. Be3 Bf5 18. Rd2 Rd8 19. c4 Rc8 20. Bc5 b6 21. Bxf8 Kxf8 22. f4 Be6 23. Na1 exf4 24. Nc2 Rd8 25. Nd4 Nxd4 26. Rxd4 g5 27. Kf2 Bxd5 28. cxd5 Ke7 29. Kf3 f5 30. h4 h6 31. h5 Kd6 32. Rc4 Kxd5 33. Rc7 a5 34. Rf7 Ke6 35. Rh7 Rd2 36. b3 Rxa2 37. Rb7 Ke5 38. Re7+ Kd6 39. Rh7 Rb2 40. Rxh6+ Ke5 0-1

[Event "45th FIDE Olympiad 2024"]
[Site "Budapest"]
[Date "2024.09.13"]
[Round "3.109"]
[White "Kim, Sanker"]
[Black "Ah Kye, Benitot"]
[Result "0-1"]
[ECO "E20"]
[WhiteElo "1564"]
[BlackElo "1815"]
[Annotator "NA"]
[PlyCount "60"]
[EventDate "2024.09.05"]
[EventType "team-tourn"]
[EventCountry "HUN"]
[SourceTitle "playchess.com"]
[Source "ChessBase"]
[SourceQuality "1"]
[WhiteTeam "Cambodia"]
[BlackTeam "Mauritius"]
[WhiteTeamCountry "CMB"]
[BlackTeamCountry "MRI"]
[TimeControl "40/5400+30:1800+30"]

1. d4 Nf6 2. c4 e6 3. Nf3 d5 4. Nc3 Bb4 5. g3 O-O 6. Bg2 dxc4 7. O-O Nc6 8. Bg5 Be7 9. e3 h6 10. Bf4 Nd5 11. e4 Nxf4 12. gxf4 f6 13. Ne2 Rb8 14. Rc1 Na5 15. Nd2 b5 16. a4 a6 17. Re1 c6 18. axb5 cxb5 19. Nb1 Qb6 20. Na3 Rd8 21. Qc2 Nb3 22. Rcd1 Nxd4 23. Nxd4 Rxd4 24. e5 f5 25. Qc1 Bb7 26. Qe3 Bc5 27. Qg3 Bxg2 28. Qxg2 Rxf4 29. h3 Rxf2 30. Qg6 Qc6 0-1

[Event "45th FIDE Olympiad 2024"]
[Site "Budapest"]
[Date "2024.09.13"]
[Round "3.110"]
[White "Wageih, Kareim"]
[Black "Khoder, Akram"]
[Result "1-0"]
[ECO "D10"]
[WhiteElo "2402"]
[BlackElo "2239"]
[Annotator "RC"]
[PlyCount "119"]
[EventDate "2024.09.05"]
[EventType "team-tourn"]
[EventCountry "HUN"]
[SourceTitle "playchess.com"]
[Source "ChessBase"]
[SourceQuality "1"]
[WhiteTeam "Egypt"]
[BlackTeam "Lebanon"]
[WhiteTeamCountry "EGY"]
[BlackTeamCountry "LBN"]
[TimeControl "40/5400+30:1800+30"]

1. d4 d5 2. c4 c6 3. cxd5 cxd5 4. Nc3 Nf6 5. Bf4 a6 6. e3 Nc6 7. Bd3 Bg4 8. Nge2 e6 9. O-O Bd6 10. Bxd6 Qxd6 11. h3 Bxe2 12. Qxe2 O-O 13. Rac1 b5 14. Rfd1 Rfc8 15. Qe1 Qb4 16. Rc2 Rc7 17. Rdc1 Rac8 18. Qd2 Qe7 19. Ne2 Ne8 20. Rc5 Nd6 21. b3 Nb7 22. R5c3 Qa3 23. e4 Qd6 24. exd5 Qxd5 25. Qc2 Qd8 26. Bxh7+ Kh8 27. Qe4 Nd6 28. Qf3 Nxd4 29. Nxd4 Rxc3 30. Rxc3 Rxc3 31. Qxc3 Kxh7 32. Qc6 Ne8 33. Qc5 Nf6 34. Qa7 Qd6 35. Nf3 Qd1+ 36. Kh2 Qd6+ 37. Kg1 Qd1+ 38. Kh2 Qd6+ 39. g3 Qd5 40. Kg2 e5 41. Qe3 Nd7 42. Kh2 Kg8 43. Ng5 Nc5 44. Qc3 e4 45. h4 f6 46. Nh3 Nd3 47. Qc8+ Kh7 48. Qg4 Qe5 49. h5 e3 50. Qg6+ Kg8 51. h6 Qe7 52. h7+ Kh8 53. Qxd3 e2 54. Nf4 e1=N 55. Ng6+ Kxh7 56. Qf5 Qe8 57. Ne7+ Kh6 58. Qf4+ g5 59. Qxf6+ Kh7 60. Qf5+ 1-0

[Event "45th FIDE Olympiad 2024"]
[Site "Budapest"]
[Date "2024.09.13"]
[Round "3.110"]
[White "Chinasamy, Devarajen"]
[Black "El, Rozak"]
[Result "1-0"]
[ECO "D00"]
[WhiteElo "1975"]
[BlackElo "1514"]
[Annotator "NA RC"]
[PlyCount "91"]
[EventDate "2024.09.05"]
[EventType "team-tourn"]
[EventCountry "HUN"]
[SourceTitle "playchess.com"]
[Source "ChessBase"]
[SourceQuality "1"]
[WhiteTeam "Mauritius"]
[BlackTeam "Cambodia"]
[WhiteTeamCountry "MRI"]
[BlackTeamCountry "CMB"]
[TimeControl "40/5400+30:1800+30"]

1. d4 Nf6 2. Nc3 d5 3. Bf4 c6 4. e3 Bf5 5. Nf3 e6 6. a3 Nbd7 7. Ne5 Be7 8. g4 Bg6 9. h4 h5 10. Nxg6 fxg6 11. g5 Nh7 12. Bd3 Nhf8 13. Qf3 Qb6 14. Qg3 Qxb2 15. Kd2 e5 16. Rhb1 exf4 17. Qxf4 Qxa1 18. Rxa1 Rc8 19. Ne2 a6 20. Qg3 b5 21. Nf4 Bd6 22. Qh3 Ke7 23. a4 Bxf4 24. exf4 Kd6 25. f5 gxf5 26. axb5 axb5 27. Qg3+ Ke7 28. Bxf5 g6 29. Bh3 c5 30. Ra7 Rh7 31. Qe5+ Kd8 32. Qxd5 cxd4 33. Qxb5 Rf7 34. f4 Rc5 35. Ra8+ Ke7 36. Qe2+ Kd6 37. Qe4 Rc4 38. Bg2 Rf5 39. Bf1 Rc6 40. Re8 Kc7 41. Bd3 Rd6 42. Qa8 Rdd5 43. Qa7+ Kd6 44. Qa6+ Kc5 45. Rc8+ Kb4 46. Rc4# 1-0

[Event "45th FIDE Olympiad 2024"]
[Site "Budapest"]
[Date "2024.09.13"]
[Round "3.111"]
[White "Arkadan, Adib"]
[Black "Wafa, Hamed"]
[Result "0-1"]
[ECO "E60"]
[WhiteElo "2181"]
[BlackElo "2368"]
[Annotator "RC"]
[PlyCount "114"]
[EventDate "2024.09.05"]
[EventType "team-tourn"]
[EventCountry "HUN"]
[SourceTitle "playchess.com"]
[Source "ChessBase"]
[SourceQuality "1"]
[WhiteTeam "Lebanon"]
[BlackTeam "Egypt"]
[WhiteTeamCountry "LBN"]
[BlackTeamCountry "EGY"]
[TimeControl "40/5400+30:1800+30"]

1. Nf3 c5 2. c4 Nf6 3. Nc3 Nc6 4. g3 d6 5. Bg2 g6 6. O-O Bg7 7. d4 cxd4 8. Nxd4 Bd7 9. b3 O-O 10. Bb2 Nxd4 11. Qxd4 Bc6 12. Nd5 Bxd5 13. Bxd5 Ne8 14. Qd2 Bxb2 15. Qxb2 Qc7 16. Rfd1 Nf6 17. Bf3 Rfc8 18. Qd4 a6 19. Rac1 Rab8 20. b4 b6 21. Rd3 a5 22. a3 Qa7 23. Rdc3 Rc7 24. c5 bxc5 25. bxc5 Rbc8 26. Kg2 Rxc5 27. Rxc5 dxc5 28. Qe3 Qc7 29. Rb1 c4 30. Qc3 Qc5 31. e4 Rd8 32. e5 Nd5 33. Bxd5 Rxd5 34. e6 f6 35. Rc1 Rd4 36. Qf3 Rd2 37. Rc3 Kg7 38. Qf4 Qd5+ 39. Qf3 Qd4 40. Re3 f5 41. Qb7 Qd5+ 42. Qxd5 Rxd5 43. Kf1 Kf6 44. f4 Rd3 45. Rxd3 cxd3 46. Kf2 Kxe6 47. Ke3 Kd5 48. Kxd3 e5 49. fxe5 Kxe5 50. Ke3 g5 51. h3 h5 52. Kf3 f4 53. gxf4+ gxf4 54. Kf2 Ke4 55. Ke2 f3+ 56. Kf2 Kf4 57. a4 h4 0-1

[Event "45th FIDE Olympiad 2024"]
[Site "Budapest"]
[Date "2024.09.13"]
[Round "3.112"]
[White "Sadek, Sameh"]
[Black "Kassis, Antoine"]
[Result "1-0"]
[ECO "B50"]
[WhiteElo "2269"]
[BlackElo "2085"]
[Annotator "RC"]
[PlyCount "89"]
[EventDate "2024.09.05"]
[EventType "team-tourn"]
[EventCountry "HUN"]
[SourceTitle "playchess.com"]
[Source "ChessBase"]
[SourceQuality "1"]
[WhiteTeam "Egypt"]
[BlackTeam "Lebanon"]
[WhiteTeamCountry "EGY"]
[BlackTeamCountry "LBN"]
[TimeControl "40/5400+30:1800+30"]

1. Nf3 c5 2. b3 Nc6 3. Bb2 d6 4. e4 Nf6 5. Nc3 g6 6. d4 cxd4 7. Nxd4 Nxd4 8. Qxd4 Bg7 9. O-O-O O-O 10. Qd2 Qa5 11. Kb1 Be6 12. f3 Rfc8 13. Bd3 Ne8 14. Ne2 Qxd2 15. Rxd2 Nc7 16. c4 Bxb2 17. Kxb2 a6 18. Rc1 b6 19. Rdc2 a5 20. a3 Na6 21. Nf4 Nc5 22. Be2 Rab8 23. b4 Nd7 24. Nxe6 fxe6 25. f4 Rc7 26. Kb3 axb4 27. axb4 Rf8 28. Rf1 e5 29. f5 gxf5 30. exf5 Ra7 31. Ra2 Rxa2 32. Kxa2 Ra8+ 33. Kb3 Kg7 34. Bf3 Ra7 35. g4 h6 36. h4 Kf6 37. Be4 e6 38. g5+ hxg5 39. fxe6+ Kxe6 40. Bd5+ Ke7 41. hxg5 Ke8 42. g6 Nb8 43. Rh1 Nd7 44. g7 Nf6 45. Rh8+ 1-0

[Event "45th FIDE Olympiad 2024"]
[Site "Budapest"]
[Date "2024.09.13"]
[Round "3.113"]
[White "Dardha, Daniel"]
[Black "Lee, Junhyeok"]
[Result "1/2-1/2"]
[ECO "E68"]
[WhiteElo "2603"]
[BlackElo "2364"]
[Annotator "RC"]
[PlyCount "143"]
[EventDate "2024.09.05"]
[EventType "team-tourn"]
[EventCountry "HUN"]
[SourceTitle "playchess.com"]
[Source "ChessBase"]
[SourceQuality "1"]
[WhiteTeam "Belgium"]
[BlackTeam "South Korea"]
[WhiteTeamCountry "BEL"]
[TimeControl "40/5400+30:1800+30"]

1. c4 e5 2. g3 d6 3. Bg2 g6 4. d4 Nd7 5. Nf3 Bg7 6. Nc3 Ngf6 7. O-O O-O 8. e4 exd4 9. Nxd4 Nc5 10. Nb3 Ne6 11. Be3 a5 12. a4 c6 13. h3 Qe7 14. f4 Nd7 15. Qc2 Ndc5 16. Rae1 Nxb3 17. Qxb3 Nc5 18. Qc2 Be6 19. b3 Rae8 20. Kh2 Bc8 21. Bg1 Qc7 22. Ne2 Re7 23. Bd4 Rfe8 24. f5 Bxd4 25. Nxd4 Bxf5 26. Nxf5 gxf5 27. Rxf5 Re5 28. Ref1 Rxf5 29. exf5 f6 30. Qc3 Re5 31. Rf4 Kf8 32. Rg4 Rxf5 33. Qe3 Rg5 34. Rxg5 fxg5 35. Qxg5 Qe7 36. Qd2 Kg8 37. Qc3 Qd8 38. Qe3 Qf6 39. h4 Qe5 40. Qf3 Kg7 41. Qg4+ Kf7 42. Qc8 Qe7 43. Qh8 Kg6 44. Bf3 Nxb3 45. Qc3 Nc5 46. Qxa5 Kf6 47. Qd2 Kg7 48. Qd4+ Qf6 49. Qg4+ Kf7 50. a5 Qe5 51. Qc8 Qb2+ 52. Kh3 Qf6 53. Qc7+ Kg8 54. Bg2 Qe6+ 55. Kh2 Qe5 56. Qc8+ Kg7 57. Qg4+ Kf8 58. Qd1 Kg7 59. Bf3 Qb2+ 60. Kh3 Qe5 61. Kh2 Qb2+ 62. Bg2 Qe5 63. Qc2 Qd4 64. Qe2 Qe5 65. Qg4+ Kf8 66. Qc8+ Kg7 67. Qb8 Qe7 68. Qa7 Kf6 69. Qb6 Kg7 70. Qb2+ Qe5 71. Qc2 Qd4 72. Qe2 1/2-1/2

[Event "45th FIDE Olympiad 2024"]
[Site "Budapest"]
[Date "2024.09.13"]
[Round "3.114"]
[White "Ahn, Hongjin"]
[Black "Vandenbussche, Thibaut"]
[Result "1-0"]
[ECO "C01"]
[WhiteElo "2251"]
[BlackElo "2461"]
[Annotator "RC"]
[PlyCount "65"]
[EventDate "2024.09.05"]
[EventType "team-tourn"]
[EventCountry "HUN"]
[SourceTitle "playchess.com"]
[Source "ChessBase"]
[SourceQuality "1"]
[WhiteTeam "South Korea"]
[BlackTeam "Belgium"]
[BlackTeamCountry "BEL"]
[TimeControl "40/5400+30:1800+30"]

1. e4 e6 2. d4 d5 3. exd5 exd5 4. Nf3 Nf6 5. h3 h6 6. Bd3 c5 7. c3 Nc6 8. O-O c4 9. Bc2 Be7 10. Be3 O-O 11. Qc1 Re8 12. Ne5 Bf8 13. f4 Qb6 14. Bf2 Ne7 15. Nd2 Bf5 16. g4 Bxc2 17. Qxc2 Ng6 18. Bg3 h5 19. g5 Nxe5 20. fxe5 Nh7 21. Rxf7 Nxg5 22. Rf5 Qh6 23. Kh2 Ne6 24. Rg1 Qh7 25. Nf1 Ng5 26. Rg2 Ne4 27. Ne3 Be7 28. Qe2 Bg5 29. Bf4 Bxf4+ 30. Rxf4 h4 31. Nxd5 Ng3 32. Qg4 Qb1 33. Nf6+ 1-0

[Event "45th FIDE Olympiad 2024"]
[Site "Budapest"]
[Date "2024.09.13"]
[Round "3.114"]
[White "Prasad, Rudr"]
[Black "Roberts, Gennard"]
[Result "1-0"]
[ECO "A57"]
[WhiteElo "1777"]
[BlackElo "1582"]
[Annotator "NA"]
[PlyCount "83"]
[EventDate "2024.09.05"]
[EventType "team-tourn"]
[EventCountry "HUN"]
[SourceTitle "playchess.com"]
[Source "ChessBase"]
[SourceQuality "1"]
[WhiteTeam "Fiji"]
[BlackTeam "Grenada"]
[WhiteTeamCountry "FIJ"]
[BlackTeamCountry "GRA"]
[TimeControl "40/5400+30:1800+30"]

1. d4 Nf6 2. c4 c5 3. d5 b5 4. cxb5 a6 5. Nc3 axb5 6. e4 d6 7. Bxb5+ Bd7 8. Bxd7+ Nbxd7 9. Nf3 g6 10. O-O Bg7 11. Re1 O-O 12. h3 Ne8 13. a4 Nc7 14. Bd2 Qb8 15. Qc2 Qb7 16. Ra3 Rfb8 17. Rb1 Na6 18. Nb5 Nb4 19. Qb3 Na6 20. Bc3 Nc7 21. Bxg7 Kxg7 22. Qc3+ Kg8 23. Nxc7 Qxc7 24. Nd4 Rb7 25. Nc6 Nb8 26. Nxb8 Qxb8 27. a5 Rb4 28. e5 Qb5 29. exd6 exd6 30. Qf6 Qb8 31. Re1 Rxb2 32. Re7 Rb1+ 33. Kh2 Qf8 34. Rf3 Qg7 35. Qxd6 Qa1 36. Rfxf7 Rh1+ 37. Kg3 Qc3+ 38. f3 Re1 39. Rxh7 Rxe7 40. Rxe7 Kh8 41. Qf4 g5 42. Qf7 1-0

[Event "45th FIDE Olympiad 2024"]
[Site "Budapest"]
[Date "2024.09.13"]
[Round "3.115"]
[White "Maerevoet, Sim"]
[Black "Yun, Hungi"]
[Result "1-0"]
[ECO "A11"]
[WhiteElo "2432"]
[BlackElo "2124"]
[Annotator "RC"]
[PlyCount "87"]
[EventDate "2024.09.05"]
[EventType "team-tourn"]
[EventCountry "HUN"]
[SourceTitle "playchess.com"]
[Source "ChessBase"]
[SourceQuality "1"]
[WhiteTeam "Belgium"]
[BlackTeam "South Korea"]
[WhiteTeamCountry "BEL"]
[TimeControl "40/5400+30:1800+30"]

1. Nf3 d5 2. g3 Nf6 3. Bg2 c6 4. c4 Bf5 5. Qb3 Qb6 6. d3 e6 7. Be3 Qxb3 8. axb3 Na6 9. O-O Bc5 10. Bxc5 Nxc5 11. b4 Ncd7 12. b5 e5 13. Nc3 O-O 14. Ra5 b6 15. Ra3 cxb5 16. Nxb5 dxc4 17. Nh4 Be6 18. Bxa8 Rxa8 19. Nc7 Rc8 20. Nxe6 fxe6 21. Rc1 a5 22. Rxc4 Rxc4 23. dxc4 e4 24. Rb3 Kf7 25. Ng2 Ke7 26. Ne3 g5 27. Rb5 h6 28. c5 bxc5 29. Rxa5 Nd5 30. Nc4 N5f6 31. Ra7 h5 32. h3 g4 33. h4 Kd8 34. Kf1 Ke8 35. Ke1 Kf7 36. Ne5+ Ke7 37. Kd2 Kd6 38. Nxd7 Nxd7 39. Ke3 Nf6 40. Kf4 Kd5 41. Rf7 Ne8 42. Rd7+ Nd6 43. Kg5 Ke5 44. Rxd6 1-0

[Event "45th FIDE Olympiad 2024"]
[Site "Budapest"]
[Date "2024.09.13"]
[Round "3.116"]
[White "Lee, Kyungseok"]
[Black "Lenaerts, Lennert"]
[Result "1/2-1/2"]
[ECO "E01"]
[WhiteElo "2044"]
[BlackElo "2300"]
[Annotator "RC"]
[PlyCount "113"]
[EventDate "2024.09.05"]
[EventType "team-tourn"]
[EventCountry "HUN"]
[SourceTitle "playchess.com"]
[Source "ChessBase"]
[SourceQuality "1"]
[WhiteTeam "South Korea"]
[BlackTeam "Belgium"]
[BlackTeamCountry "BEL"]
[TimeControl "40/5400+30:1800+30"]

1. d4 Nf6 2. c4 e6 3. Nf3 d5 4. g3 Bb4+ 5. Nbd2 O-O 6. Bg2 a5 7. O-O b6 8. cxd5 exd5 9. Ne5 Bb7 10. Ndf3 Bd6 11. Bf4 c5 12. dxc5 bxc5 13. Rc1 Qc7 14. Nd3 Nbd7 15. Qc2 Rfc8 16. Rfd1 a4 17. b3 axb3 18. axb3 Qb6 19. Bxd6 Qxd6 20. Nf4 Rab8 21. Nxd5 Bxd5 22. e4 Bxe4 23. Rxd6 Bxc2 24. Rxc2 Rxb3 25. Bh3 Rxf3 26. Bxd7 Nxd7 27. Rxd7 g6 28. Rd5 Rf5 29. Rd6 h5 30. Kf1 Kf8 31. Rd7 Ke8 32. Rb7 Re5 33. Re2 Rxe2 34. Kxe2 Kf8 35. Kd3 Rd8+ 36. Ke3 Re8+ 37. Kd2 Re5 38. Rc7 Kg7 39. Rc6 g5 40. h3 h4 41. g4 f5 42. gxf5 Rxf5 43. Ke3 Kf7 44. f4 Ke7 45. fxg5 Rxg5 46. Ke4 Rh5 47. Kd3 Kd7 48. Rg6 Rf5 49. Kc4 Rf3 50. Kxc5 Rxh3 51. Kd4 Rh1 52. Ke3 h3 53. Kf2 h2 54. Rh6 Ra1 55. Rxh2 Ra2+ 56. Kg3 Rxh2 57. Kxh2 1/2-1/2

[Event "45th FIDE Olympiad 2024"]
[Site "Budapest"]
[Date "2024.09.13"]
[Round "3.117"]
[White "Sadorra, Julio Catalino"]
[Black "Rakotomaharo, Fy Antenaina"]
[Result "1/2-1/2"]
[ECO "A14"]
[WhiteElo "2542"]
[BlackElo "2440"]
[Annotator "RC"]
[PlyCount "65"]
[EventDate "2024.09.05"]
[EventType "team-tourn"]
[EventCountry "HUN"]
[SourceTitle "playchess.com"]
[Source "ChessBase"]
[SourceQuality "1"]
[WhiteTeam "Philippines"]
[BlackTeam "Madagascar"]
[WhiteTeamCountry "PHI"]
[BlackTeamCountry "MAD"]
[TimeControl "40/5400+30:1800+30"]

1. d4 d5 2. c4 e6 3. Nf3 Nf6 4. g3 Be7 5. Bg2 O-O 6. Nc3 a5 7. O-O c6 8. b3 b6 9. Bb2 Ba6 10. Qc2 Nbd7 11. e4 dxc4 12. Rfd1 Re8 13. h4 cxb3 14. axb3 Rc8 15. Nd2 Qc7 16. Nc4 Bxc4 17. bxc4 e5 18. Ne2 Rcd8 19. Qc1 Bf8 20. f3 exd4 21. Nxd4 Qxg3 22. Qg5 Bd6 23. Nf5 Bc5+ 24. Kh1 Qxg5 25. hxg5 Nh5 26. Bh3 Nf4 27. Bg4 Bf8 28. Nh6+ gxh6 29. Bxd7 Re7 30. Bf5 Ree8 31. Bd7 Re7 32. Bf5 Ree8 33. Bd7 1/2-1/2